 Dungeon Crawl Stone Soup version 0.30.1-9-gdf580d7c3d (webtiles) character file.

Game seed: 16530067628131178240

22 Chiseanne the Chucker (level 2, -1/15 (22) HPs)
             Began as a Demonspawn Wanderer on Oct 3, 2023.
             Succumbed to a kobold's poison
             ... on level 2 of the Dungeon.
             The game lasted 00:02:33 (724 turns).

Chiseanne the Chucker (Demonspawn Wanderer)          Turns: 724, Time: 00:02:33

HP:   -1/15 (22)    AC:  8    Str: 12    XL:     2   Next: 68%
MP:   3/3           EV: 10    Int: 13    God:
Gold: 30            SH:  0    Dex: 14    Spells: 3/3 levels left

rFire   . . .        a - +1 dagger (venom)
rCold   . . .        (no shield)
rNeg    . . .        k - +0 ring mail
rPois   .            (no helmet)
rElec   .            i - +1 cloak
rCorr   .            t - +0 pair of gloves {hurl}
SInv    .            (no boots)
Will    .....        (no amulet)
Stlth   ++           (no ring)
HPRegen 0.22/turn    (no ring)
MPRegen 0.08/turn

%: no passive effects
@: lethally poisoned (-1 -> -7), flying, very heavily drained
A: thin skeletal structure 1
a: no special abilities


You were on level 2 of the Dungeon.
You visited 1 branch of the dungeon, and saw 2 of its levels.

You collected 30 gold pieces.

Inventory:

Hand Weapons
 a - a +1 dagger of venom (weapon)
 s - a +2 heavy dagger
Missiles
 b - a curare-tipped dart (quivered)
 f - 18 stones
 j - 5 atropa-tipped darts
Armour
 i - a +1 cloak (worn)
 k - a +0 ring mail (worn)
 t - a +0 pair of gloves of hurling (worn)
Scrolls
 d - a scroll of teleportation
Potions
 g - a potion of heal wounds {unknown}
 h - a potion of berserk rage {unknown}
 l - 2 potions of haste {unknown}
 p - a potion of might {unknown}
 q - a potion of invisibility {unknown}
 r - a potion of experience {unknown}


   Skills:
 * Level 1.8 Fighting
 - Level 3.6 Throwing
 * Level 0.5 Armour
 * Level 1.3 Dodging
 - Level 1.0 Stealth
 - Level 1.0 Spellcasting
 - Level 1.7 Air Magic
 - Level 1.0 Evocations


You had 3 spell levels left.
You didn't know any spells.
Your spell library contained the following spells:

 Spells                   Type           Power      Damage    Failure   Level
 Static Discharge         Conj/Air       4%         2-3/arc   56%         2
 Cigotuvi's Dreadful Rot  Necr/Pois/Air  4%         N/A       58%         2


Dungeon Overview and Level Annotations

Branches:
Dungeon (2/15)

Altars:

Annotations:
D:2 Sigmund


Innate Abilities, Weirdness & Mutations

You have a somewhat thin skeletal structure. (Dex +2, Stealth+)


Message History

The worm is moderately wounded.
You hit the worm.
The worm looks as sick as possible!
The worm is moderately wounded.
The worm closely misses you.
You hit the worm.
The worm is severely wounded.
You hit the worm.
You kill the worm!
You see here a +1 cloak.
i - a +1 cloak You start removing your armour.
You continue taking off your +0 cloak. x4
You finish taking off your +0 cloak.
You start putting on your armour.
You continue putting on your +1 cloak. x5
You finish putting on your +1 cloak.
You drop a +0 cloak.
The kobold shouts!
You hear a shout!
The kobold throws a poisoned dart.
The poisoned dart hits you!
You are poisoned.
You feel very sick. The kobold barely misses you.
You closely miss the kobold.
You feel sick. The kobold barely misses you.
Sigmund the Dreaded comes into view.
He is wielding a +0 scythe.
You barely miss the kobold.
You feel sick. The kobold hits you but does no damage.
You hit the kobold but do no damage.
You feel sick. The kobold closely misses you.
You feel sick.
The kobold throws a poisoned dart.
The poisoned dart misses you.
You feel sick.
The kobold throws a poisoned dart.
The poisoned dart barely misses you.
You feel sick.
The kobold throws a poisoned dart.
The poisoned dart hits you!
You are lethally poisoned!
* * * LOW HITPOINT WARNING * * *
You feel very sick.
* * * LOW HITPOINT WARNING * * *
You feel sick.
There is a stone staircase leading up here.
It was a potion of flight.
You feel very buoyant.
You fly up into the air.
You die...

### ..# ##########.#
#####.|........####
...................
######.#....@...##.#
........K#.........#
.#####<..#[...#..#.#
#+#...#..#..#
#.......#.......
#..........######
#.........##
#.........#
#..........


You could see a kobold.

Vanquished Creatures
  A worm (D:2)
  A dart slug (D:1)
  4 endoplasms (D:1)
  A giant cockroach (D:1)
  3 goblins (D:1)
  A hobgoblin (D:1)
  3 frilled lizards (D:1)
  2 kobolds (D:1)
16 creatures vanquished.

Notes
Turn   | Place    | Note
-------+----------+-------------------------------------------
     0 | D:1      | Chiseanne the Demonspawn Wanderer began the quest for the
                  | Orb.
     0 | D:1      | Chiseanne set off with the following items: a +2 dagger, a
                  | curare-tipped dart, a +0 cloak, a potion of attraction, a
                  | +0 robe; and the following spells available to memorise:
                  | Static Discharge, Cigotuvi's Dreadful Rot.
     0 | D:1      | Reached XP level 1. HP: 15/15 MP: 2/2
    81 | D:1      | Reached skill level 1 in Dodging
    81 | D:1      | Gained mutation: You have a somewhat thin skeletal
                  | structure. (Dex +2, Stealth+) [demonic ancestry]
    81 | D:1      | Reached XP level 2. HP: 20/21 MP: 3/3
   716 | D:2      | Noticed Sigmund
   724 | D:2      | Succumbed to a kobold's poison

Illustrated notes

Levels and vault maps discovered:
D:1:      dpeg_arrival_simpleton_a, layout_loops_ring
D:2:      layout_basic, uniq_terence, uniq_sigmund

Skill      XL: |  1 |
---------------+----+-----
Dodging        | 1 |  1.3
Fighting       | |  1.8
Throwing       | |  3.6
Armour         | |  0.5
Stealth        | |  1.0
Spellcasting   | |  1.0
Air Magic      | |  1.7
Evocations     | |  1.0

Action                     || total
---------------------------++-------
  Melee: Dagger            ||    51
    Use: Scroll            ||     5
         Potion            ||     1
 Armour: Robe              ||     5
         Ring mail         ||    13
  Dodge: Dodged            ||    17
